Map: Prion Terraces

Players

Nolimit

  • Race: Zerg Zerg
  • League: Master

Miszu - Winner!

  • Race: Terran Terran
  • League: Master

VOD

Have the link to the VOD?

Description

Time

  • Played on: March 28, 2016, 4:03 p.m.
  • Length: 5:28
Show
View Real Time Build Order
Export as new Build Order

Nolimit Zerg 

Build Orders: Pool First 

Get SALT Encoding   

  12  0:01  Drone  
  13  0:12  Overlord  
  13  0:20  Drone  
  14  0:31  Drone x2  
  16  0:36  Drone  
  17  0:47  Spawning Pool  
  16  0:50  Drone  
  16  0:56  Drone  
  18  1:14  Hatchery  
  17  1:19  Extractor  
  17  1:22  Drone x2  
  18  1:36  Queen  
  18  1:38  Drone  
  21  1:40  Overlord  
  21  1:52  Zergling x2  
  22  2:04  Drone  
  23  2:11  Queen  
  25  2:34  Spore Crawler  
  23  2:46  Drone x3  
  25  2:51  Drone x2  
  25  2:52  Drone x3  
  25  2:55  Metabolic Boost  
  30  3:01  Queen  
  32  3:08  Overlord  
  32  3:10  Pneumatized Carapace  
  32  3:14  Overlord  
  32  3:17  Zergling x2  
  32  3:18  Zergling x4  
  35  3:29  Overlord, Zergling x2  
  35  3:30  Zergling x6  
  39  3:35  Evolution Chamber  
  38  3:42  Zergling x2  
  38  3:43  Zergling x6  
  38  3:46  Queen  
  44  3:50  Zergling x2  
  45  4:01  Zergling x2  
  45  4:02  Zergling x4  
  47  4:19  Zergling x10  
  52  4:28  Overlord  
  52  4:29  Zergling x8  
  56  4:41  Overlord  
  56  4:45  Hatchery  
  55  4:55  Spore Crawler, Drone x3  
Show
View Real Time Build Order
Export as new Build Order

Miszu Terran - Winner!

Build Orders: Reaper Expand, Banshee Rush 

Get SALT Encoding   

  12  0:00  SCV  
  13  0:12  SCV  
  14  0:17  Supply Depot  
  14  0:24  SCV  
  15  0:39  SCV  
  15  0:42  Barracks  
  16  0:44  Refinery  
  16  0:51  SCV  
  17  1:03  SCV  
  18  1:15  SCV  
  19  1:28  Orbital Command  
  19  1:29  Reaper  
  20  1:40  Command Center  
  20  1:51  Supply Depot  
  21  1:54  SCV  
  21  1:56  Refinery  
  21  2:02  Barracks Reactor  
  21  2:06  SCV  
  22  2:18  SCV  
  22  2:21  Factory  
  23  2:30  SCV  
  24  2:42  Marine x2, SCV  
  27  2:54  SCV  
  28  3:00  Orbital Command  
  28  3:06  SCV  
  28  3:08  Bunker  
  28  3:09  Starport  
  28  3:10  Factory Tech Lab  
  29  3:15  Marine  
  29  3:19  SCV  
  31  3:27  SCV  
  32  3:31  SCV  
  33  3:35  Supply Depot  
  33  3:36  Marine  
  33  3:37  Marine, Factory Tech Lab  
  33  3:39  SCV  
  36  3:43  SCV  
  37  3:51  SCV  
  37  3:53  Cloaking Field, Banshee  
  37  3:55  SCV  
  42  3:57  Supply Depot  
  42  3:58  Marine x2  
  44  4:03  Siege Tank, SCV  
  44  4:07  SCV  
  49  4:15  SCV  
  50  4:19  SCV  
  50  4:21  Marine  
  50  4:22  Bunker  
  51  4:27  SCV  
  51  4:29  Bunker  
  52  4:31  SCV  
  52  4:32  Marine  
  52  4:35  Siege Tank  
  52  4:37  Banshee  
  60  4:39  Marine, SCV  
  60  4:42  Refinery  
  60  4:44  Supply Depot  
  62  4:46  Supply Depot  
  62  5:03  Command Center  
  62  5:04  Supply Depot  
  62  5:05  Marine, SCV x2  
Tags
 
Add a new tag
Caveats
  • Supply blocks, unpowered buildings, or Contaminate may cause inaccurate times.
  • Supply counts are checked every 10 seconds.